Map: Ruins of Endion

Players

IIIIIIII - Winner!

  • Race: Terran Terran
  • League: Master

Miszu

  • Race: Terran Terran
  • League: Master

VOD

Have the link to the VOD?

Description

Time

  • Played on: April 17, 2016, 1:53 p.m.
  • Length: 7:35
Show
View Real Time Build Order
Export as new Build Order

IIIIIIII Terran - Winner!

Build Orders: Reaper Expand 

Get SALT Encoding   

  12  0:01  SCV  
  13  0:13  SCV  
  14  0:17  Supply Depot  
  14  0:25  SCV  
  15  0:39  SCV  
  15  0:40  Barracks  
  16  0:44  Refinery  
  16  0:51  SCV  
  17  1:03  SCV  
  18  1:15  SCV  
  19  1:27  Reaper, Orbital Command  
  20  1:43  Command Center  
  20  1:54  SCV  
  20  1:58  Supply Depot  
  20  1:59  Barracks Reactor  
  20  2:06  SCV  
  20  2:08  Refinery  
  21  2:18  SCV  
  22  2:24  Factory  
  22  2:30  SCV  
  22  2:35  Marine x2  
  25  2:42  SCV  
  26  2:53  Marine x2  
  26  2:55  SCV  
  26  2:56  Orbital Command  
  29  3:07  SCV  
  29  3:08  Starport  
  29  3:09  Factory Tech Lab  
  29  3:11  Marine x2  
  32  3:17  Bunker  
  31  3:20  SCV  
  31  3:23  SCV  
  33  3:29  Cyclone  
  36  3:35  Marine x2  
  36  3:38  SCV  
  39  3:41  Supply Depot  
  39  3:47  Medivac  
  41  3:51  SCV  
  41  3:52  Supply Depot  
  43  3:57  Marine x2  
  45  4:09  Orbital Command  
  42  4:15  Marine x2  
  44  4:17  Viking  
  44  4:23  SCV  
  44  4:24  Siege Tank  
  50  4:28  Supply Depot  
  50  4:33  Marine  
  50  4:35  SCV  
  52  4:39  Marine  
  52  4:41  SCV  
  48  4:51  Marine  
  43  4:52  SCV  
  43  4:57  Marine  
  40  5:02  SCV  
  36  5:07  SCV  
  36  5:09  Marine  
  36  5:14  Marine, SCV  
  36  5:20  Siege Tank, SCV  
  42  5:24  Viking  
  42  5:26  Marine, SCV  
  44  5:34  SCV  
  44  5:39  SCV  
  44  5:50  SCV  
  44  5:55  Marine x2  
  47  5:58  Siege Tank  
  47  6:00  SCV  
  47  6:02  Supply Depot  
  51  6:05  Command Center  
  51  6:09  SCV  
  50  6:18  Marine x2  
  50  6:22  SCV  
  52  6:33  SCV  
  52  6:36  SCV  
  54  6:42  Starport Reactor, Barracks  
  54  6:44  Barracks Tech Lab  
  54  6:45  Barracks  
  54  6:46  SCV  
  55  6:50  SCV  
  56  6:58  SCV  
  56  7:00  Refinery x2  
  57  7:01  Engineering Bay  
  57  7:02  Engineering Bay  
  57  7:10  SCV  
  57  7:13  Marine, SCV  
  60  7:22  SCV  
Show
View Real Time Build Order
Export as new Build Order

Miszu Terran 

Build Orders: 1/1/1 

Get SALT Encoding   

  12  0:00  SCV  
  13  0:12  SCV  
  14  0:17  Supply Depot  
  14  0:25  SCV  
  15  0:33  Refinery  
  15  0:39  SCV  
  16  0:45  Barracks  
  16  0:51  SCV  
  17  1:03  SCV  
  18  1:07  Refinery  
  18  1:15  SCV  
  19  1:27  SCV  
  20  1:33  Factory, Marine  
  21  1:40  Orbital Command  
  21  1:51  Marine  
  22  1:54  Supply Depot  
  22  2:06  SCV  
  23  2:15  Marine  
  23  2:17  Supply Depot  
  23  2:18  SCV  
  23  2:21  Starport  
  25  2:24  Hellion  
  27  2:31  Supply Depot  
  27  2:33  Marine  
  27  2:36  SCV  
  29  2:45  Hellion  
  31  2:53  Marine, SCV  
  31  2:54  Supply Depot  
  31  2:57  Medivac  
  35  3:05  SCV  
  36  3:08  Hellion  
  36  3:10  Marine  
  39  3:19  Engineering Bay  
  40  3:27  Supply Depot  
  40  3:31  SCV  
  41  3:37  Viking  
  41  3:38  Factory Tech Lab  
  43  3:41  Barracks Reactor  
  43  3:43  SCV  
  43  3:45  Missile Turret  
  43  4:12  Command Center, SCV  
  44  4:24  SCV  
  45  4:32  Siege Tank  
  45  4:36  SCV  
  49  4:43  Marine  
  49  4:44  Marine  
  47  4:48  SCV  
  43  5:01  Marine x2  
  43  5:05  Siege Tank  
  42  5:12  SCV  
  36  5:19  Marine  
  32  5:29  SCV  
  32  5:33  Marine  
  34  5:41  SCV  
  32  5:43  Marine  
  32  5:48  Orbital Command  
  33  5:53  SCV  
  34  5:58  Marine  
  34  6:01  Marine  
  34  6:04  Viking  
  38  6:05  SCV  
  38  6:06  Siege Tank  
  42  6:16  SCV  
  42  6:29  SCV x2  
  44  6:34  Viking  
  44  6:35  Marine  
  44  6:36  Marine  
  48  6:41  SCV x2  
  48  6:43  Siege Tank  
  53  6:53  Marine, SCV  
  55  6:55  SCV  
  56  7:05  SCV  
  56  7:07  SCV  
  54  7:14  Marine x2  
  54  7:17  SCV  
  54  7:19  SCV  
Tags
 
Add a new tag
Caveats
  • Supply blocks, unpowered buildings, or Contaminate may cause inaccurate times.
  • Supply counts are checked every 10 seconds.